 Dungeon Crawl Stone Soup version 0.30-a0-458-g86641cc369 (webtiles) character file.

Game seed: 17902379722091512468

21 IdlyInterested the Caller (level 2, 0/21 HPs)
             Began as a Demonspawn Wanderer on Dec 14, 2022.
             Slain by a quokka (2 damage)
             ... on level 1 of the Dungeon.
             The game lasted 00:02:39 (715 turns).

IdlyInterested the Caller (Demonspawn Wanderer)      Turns: 715, Time: 00:02:39

Health: 0/21       AC:  2    Str: 11    XL:     2   Next: 65%
Magic:  3/3        EV: 11    Int: 14    God:
Gold:   22         SH:  3    Dex: 12    Spells: 3/3 levels left

rFire   . . .      SeeInvis .    f - +0 short sword
rCold   . . .      Faith    .    d - +0 buckler
rNeg    . . .      Spirit   .    c - +0 robe
rPois   .          Reflect  .    (no helmet)
rElec   .          Harm     .    (no cloak)
rCorr   .          Rampage  .    (no gloves)
Will    .....                    (no boots)
Stlth   ++........               (no amulet)
HPRegen 0.23/turn                (no ring)
MPRegen 0.08/turn                (no ring)

@: no status effects
A: powered by death 1
a: no special abilities


You were on level 1 of the Dungeon.
You visited 1 branch of the dungeon, and saw 1 of its levels.

You collected 22 gold pieces.

Inventory:

Hand Weapons
 a - a +0 dagger
 f - a +0 short sword (weapon)
Missiles
 g - a stone (quivered)
Armour
 c - a +0 robe (worn)
 d - a +0 buckler (worn)
Potions
 b - a potion of curing
 e - 2 potions of lignification {unknown}


   Skills:
 * Level 1.4 Fighting
 - Level 1.0 Armour
 - Level 1.0 Dodging
 - Level 1.0 Stealth
 - Level 1.0 Shields
 - Level 1.0 Spellcasting
 - Level 3.0 Summonings
 - Level 3.0 Ice Magic


You had 3 spell levels left.
You didn't know any spells.
Your spell library contained the following spells:

 Spells                   Type           Power      Damage    Failure   Level
 Freeze                   Ice            36%        1d5       11%         1
 Summon Small Mammal      Summ           36%        N/A       11%         1
 Ensorcelled Hibernation  Hex/Ice        8%         N/A       28%         2
 Passwall                 Tmut/Erth      0%         N/A       47%         2
 Hailstorm                Conj/Ice       4%         3d4       50%         3
 Summon Guardian Golem    Hex/Summ       4%         N/A       50%         3
 Swiftness                Air            0%         N/A       71%         3
 Summon Ice Beast         Ice/Summ       9%         N/A       71%         4


Dungeon Overview and Level Annotations

Branches:
Dungeon (1/15)

Altars:


Innate Abilities, Weirdness & Mutations

You regenerate a little health from kills.


Message History

You kill the hobgoblin!
The ball python hisses angrily.
The ball python completely misses you. x2
You hit the ball python.
You kill the ball python!
You see here a ball python corpse.
You open the door.
A quokka comes into view.
The quokka barely misses you.
You miss the quokka. The quokka barely misses you.
You hit the quokka but do no damage. The quokka bites you.
You miss the quokka. The quokka bites you. x2
You hit the quokka.
The quokka is lightly wounded.
The quokka bites you.
You hit the quokka.
The quokka is heavily wounded.
The quokka barely misses you.
You miss the quokka.
The quokka is heavily wounded.
The quokka bites you.
* * * LOW HITPOINT WARNING * * *
You block the quokka's attack.
You hit the quokka but do no damage.
The quokka is heavily wounded.
The quokka bites you but does no damage.
You barely miss the quokka.
The quokka is heavily wounded.
The quokka bites you.
* * * LOW HITPOINT WARNING * * *
You closely miss the quokka.
The quokka is heavily wounded.
You block the quokka's attack.
You hit the quokka.
The quokka is severely wounded.
The quokka barely misses you.
You closely miss the quokka.
The quokka is severely wounded.
The quokka closely misses you. The quokka bites you.
You die...

#..........# #
#..........#######
#.................
#.........########
#.........#
##.........#
#...#'######
######.#.#.#
.......@.#.#
.#####r#.#.#
#.....# #######


You could see a quokka.

Vanquished Creatures
  3 endoplasms (D:1)
  A goblin (D:1)
  2 hobgoblins (D:1)
  4 jackals (D:1)
  A kobold (D:1)
  4 ball pythons (D:1)
  A frilled lizard (D:1)
  3 rats (D:1)
19 creatures vanquished.

Notes
Turn   | Place    | Note
-------+----------+-------------------------------------------
     0 | D:1      | IdlyInterested the Demonspawn Wanderer began the quest for
                  | the Orb.
     0 | D:1      | IdlyInterested set off with the following items: a +0
                  | dagger, a potion of curing, a +0 robe, a +0 buckler; and
                  | the following spells available to memorise: Summon Small
                  | Mammal, Freeze, Summon Guardian Golem, Hailstorm, Summon
                  | Ice Beast.
     0 | D:1      | Reached XP level 1. HP: 13/13 MP: 2/2
   351 | D:1      | Gained mutation: You regenerate a little health from kills.
                  | [demonic ancestry]
   351 | D:1      | Reached XP level 2. HP: 20/20 MP: 3/3
   423 | D:1      | Reached skill level 1 in Fighting
   587 | D:1      | Reached skill level 1 in Armour
   712 | D:1      | HP: 1/21 [quokka (2)]
   715 | D:1      | Slain by a quokka

Illustrated notes

Levels and vault maps discovered:
D:1:      elethiomel_arrival_infinity_welcomes_careful_drivers, layout_basic,
          serial_bayou, serial_bayou_pond_c, serial_bayou_lagoon_a,
          serial_bayou_pond_c, serial_bayou_crossing, serial_bayou_pond_a,
          serial_bayou_pond_d

Skill      XL: |  1  2 |
---------------+-------+-----
Ice Magic      | 3 |  3.0
Fighting       | 1 |  1.4
Armour         | 1 |  1.0
Dodging        | |  1.0
Stealth        | |  1.0
Shields        | |  1.0
Spellcasting   | |  1.0
Summonings     | |  3.0

Action                   || total
-------------------------++-------
Melee: Dagger            ||    77
       Short sword       ||    42
 Stab: Sleeping          ||     1
Armor: Robe              ||    18
Dodge: Dodged            ||    70
Block: Buckler           ||    13

Table legend: (Time is in decaauts)
 A = Elapsed time spent in this place.
 B = Non-inter-level travel time spent in this place.
 C = Inter-level travel time spent in this place.
 D = Time resting spent in this place.
 E = Time spent auto-exploring this place.
 F = Levels seen in this place.
 G = Mean time per level.
                   A        B        C        D        E       F      G
               +--------+--------+--------+--------+--------+-----+--------+
         Total |    725 |    725 |      0 |     59 |    467 |   1 |  725.0 |
       Dungeon |    725 |    725 |      0 |     59 |    467 |   1 |  725.0 |
               +--------+--------+--------+--------+--------+-----+--------+

Top non-repeatable levels by time:
     D:1: 725 daAuts
